 Dungeon Crawl Stone Soup version 0.27-a0-797-g27d10ad80f (webtiles) character file.

Game seed: 13369584588672334145

467 sahdkjhfkaj the Skirmisher (level 6, -1/52 HPs)
             Began as a Mummy Wanderer on Mar 27, 2021.
             Slain by an orc wizard
             ... wielding a +0 hand axe
              (5 damage)
             ... on level 4 of the Dungeon.
             The game lasted 00:03:22 (4954 turns).

sahdkjhfkaj the Skirmisher (Mummy Wanderer)         Turns: 4954, Time: 00:03:23

Health: -1/52      AC:  8    Str: 17    XL:     6   Next: 81%
Magic:  6/6        EV:  9    Int: 15    God:
Gold:   84         SH:  0    Dex: 17    Spells: 5/5 levels left

rFire    x . .     SeeInvis .   a - +2 dagger (drain)
rCold    + + .     Faith    .   (no shield)
rNeg     + + +     Spirit   .   n - +0 scale mail
rPois    ∞         Reflect  .   h - +0 helmet {Int+3}
rElec    .         Harm     .   j - +0 cloak
rCorr    .         Rampage  .   (no gloves)
Will     .....                  (no boots)
Stlth    ..........             (no amulet)
HPRegen  0.17/turn              e - +6 ring of dexterity
MPRegen  0.10/turn              i - ring of protection from cold

@: confused
A: cold resistance 1, negative energy resistance 3, torment resistance 2,
unbreathing 1, heat vulnerability 1, no potions
a: no special abilities


You were on level 4 of the Dungeon.
You visited 1 branch of the dungeon, and saw 4 of its levels.

You collected 84 gold pieces.

Inventory:

Hand Weapons
 a - a +2 dagger of draining (weapon)
Armour
 h - a +0 helmet of intelligence (worn)
 j - a +0 cloak (worn)
 n - a +0 scale mail (worn)
Jewellery
 e - a +6 ring of dexterity (left hand)
 i - a ring of protection from cold (right hand)
 l - a ring of ice
Wands
 k - a wand of charming (7)
Scrolls
 d - a scroll of teleportation
 f - a scroll of vulnerability
 g - a scroll of fog
 m - a scroll of immolation


   Skills:
 + Level 6.2 Fighting
 - Level 4.0 Short Blades
 - Level 1.5 Armour
 - Level 3.0 Stealth
 - Level 1.0 Unarmed Combat


You had 5 spell levels left.
You didn't know any spells.
Your spell library was empty.

Dungeon Overview and Level Annotations

Branches:
Dungeon (4/15)
 Temple: D:4-7

Altars:
Hepliaklqana
Okawaru


Innate Abilities, Weirdness & Mutations

You are immune to poison.
Your flesh is cold resistant. (rC+)
You are immune to negative energy. (rN+++)
You are immune to unholy pain and torment.
You can survive without breathing.
You are vulnerable to heat. (rF-)
You do not drink.


Message History

Unknown command.
Unknown command.
You hit the orc priest. You drain the orc priest.
You kill the orc priest!
The orc wizard barely misses you.
Unknown command.
You hit the orc priest. You drain the orc priest.
The orc priest is moderately wounded.
The orc priest closely misses you.
The orc wizard hits you but does no damage.
You hit the orc priest but do no damage.
You drain the orc priest.
The orc priest is heavily wounded.
The orc priest barely misses you.
The orc wizard gestures at you while chanting.
You are confused.
Unknown command.
The orc priest hits you with a +0 mace.
* * * LOW HITPOINT WARNING * * *
The orc wizard gestures at itself while chanting.
The orc wizard flickers and vanishes!
You barely miss the orc priest.
The orc priest is heavily wounded.
The orc priest closely misses you.
Unknown command.
You can't drink.
Something hits you but does no damage. The orc priest barely misses you.
You bump into the rock wall.
You hear some strange, mumbled words.
A magic dart appears from out of thin air!
The magic dart hits you.
* * * LOW HITPOINT WARNING * * *
The orc priest closely misses you.
You bump into the rock wall.
You hear some strange, mumbled words.
You are more confused.
The orc priest hits you with a +0 mace.
* * * LOW HITPOINT WARNING * * *
Something hits you.
You die...

.. .......# ..
......## .. .#
#.....# ##'# .#
+.....+ ...# .#
#.....#... .#
##+#.....#'####. .#
#............... ##
#....)..........
#.....{@........
#####.†...o......[..
#.)....#######+#....
+......# >...
#......# ...
#.....$# .. #.....>+
#......# #.......#


You could see an orc priest (drained).

Vanquished Creatures
  An ogre (D:4)
  A water moccasin skeleton (D:4)
  A jelly (D:4)
  An orc priest (D:4)
  A hound (D:4)
  Natasha (thrice) (D:2)
  Robin (D:3)
  3 gnolls
  An adder (D:4)
  A shadow imp (D:2)
  A dart slug (D:1)
  An orc (D:4)
  4 ball pythons
  5 endoplasms
  10 giant cockroaches
  21 goblins
  7 hobgoblins
  14 jackals
  4 quokkas
  6 bats
  3 frilled lizards (D:1)
  5 kobolds
  3 rats
98 creatures vanquished.

Vanquished Creatures (others)
  A gnoll (D:3)
  A goblin (D:3)
2 creatures vanquished.

Grand Total: 100 creatures vanquished

Notes
Turn   | Place    | Note
-------+----------+-------------------------------------------
     0 | D:1      | sahdkjhfkaj the Mummy Wanderer began the quest for the Orb.
     0 | D:1      | sahdkjhfkaj set off with the following items: a +2 dagger,
                  | a scroll of blinking, a +0 ring mail, a scroll of
                  | teleportation
     0 | D:1      | Reached XP level 1. HP: 19/19 MP: 1/1
   119 | D:1      | Reached skill level 1 in Short Blades
   143 | D:1      | Reached XP level 2. HP: 24/25 MP: 2/2
   584 | D:1      | Reached XP level 3. HP: 28/30 MP: 3/3
   954 | D:2      | Found a hazy altar of Hepliaklqana.
  1197 | D:2      | Reached XP level 4. HP: 31/37 MP: 4/4
  1282 | D:2      | Noticed Natasha
  1294 | D:2      | Killed Natasha
  1436 | D:2      | Noticed Natasha
  1442 | D:2      | Killed Natasha
  1878 | D:3      | Reached XP level 5. HP: 14/43 MP: 5/5
  1932 | D:2      | Noticed Natasha
  2211 | D:2      | Killed Natasha
  2273 | D:3      | Reached skill level 5 in Fighting
  2698 | D:3      | Noticed Robin
  2708 | D:3      | HP: 2/44 [goblin/+0 club[Robin] (2)]
  3067 | D:3      | Found a faded altar of an unknown god.
  3805 | D:3      | Killed Robin
  4130 | D:4      | Reached XP level 6. HP: 30/51 MP: 6/6
  4264 | D:4      | Found an iron altar of Okawaru.
  4905 | D:4      | Reached skill level 6 in Fighting
  4954 | D:4      | Slain by an orc wizard

Illustrated notes

Levels and vault maps discovered:
D:1:      dpeg_arrival_pond, layout_basic, amethyst_killhole
D:2:      layout_rooms, general_overflow_altar, minmay_worlds_worst_comb,
          uniq_natasha
D:3:      kennysheep_goblin_castle, layout_loops_ring,
          chequers_ecumenical_altar_simple_redux
D:4:      layout_gridville, grunt_dithmenos_shadows, old_standard_altar,
          gammafunk_ghost_grave, grunt_ministairs_4

Skill      XL: |  1  2  3  4  5  6 |
---------------+-------------------+-----
Short Blades   | 1 2 3 4 |  4.0
Stealth        | 3 |  3.0
Fighting       | 5 6 |  6.2
Armour         | |  1.5
Unarmed Combat | |  1.0

Action                   |  1- 3 |  4- 6 || total
-------------------------+-------+-------++-------
Melee: Dagger            |   138 |   192 ||   330
  Use: Scroll            |       |     7 ||     7
 Stab: Distracted        |     1 |       ||     1
       Sleeping          |     3 |       ||     3
Armor: Ring mail         |    67 |    49 ||   116
       Scale mail        |       |    56 ||    56
Dodge: Dodged            |    85 |   154 ||   239

Table legend: (Time is in decaauts)
 A = Elapsed time spent in this place.
 B = Non-inter-level travel time spent in this place.
 C = Inter-level travel time spent in this place.
 D = Time resting spent in this place.
 E = Time spent auto-exploring this place.
 F = Levels seen in this place.
 G = Mean time per level.
                   A        B        C        D        E       F      G
               +--------+--------+--------+--------+--------+-----+--------+
         Total |   4922 |   4725 |    197 |    444 |   3592 |   4 | 1230.5 |
       Dungeon |   4922 |   4725 |    197 |    444 |   3592 |   4 | 1230.5 |
               +--------+--------+--------+--------+--------+-----+--------+

Top non-repeatable levels by time:
     D:3: 1865 daAuts
     D:1: 1116 daAuts
     D:2: 1072 daAuts
     D:4: 867 daAuts
